 Dungeon Crawl Stone Soup version 0.31-a0-1-g4198be8af4 (webtiles) character file.

Game seed: 4412044221412415055

154 elagabalus the Magician (level 5, 0/40 HPs)
             Began as a Djinni Cinder Acolyte on May 2, 2023.
             Was a High Priest of Ignis.
             Slain by Ijyb
             ... wielding a +0 dagger
              (4 damage)
             ... on level 4 of the Dungeon.
             The game lasted 00:17:13 (1961 turns).

elagabalus the Magician (Djinni Cinder Acolyte)     Turns: 1961, Time: 00:17:14

Health: 0/40       AC:  2    Str: 13    XL:     5   Next: 63%
Gold:   222        EV: 11    Int: 18    God:    Ignis [*****.] SH:  0 Dex:  8

rFire   + + +        i - +1 dagger (venom)
rCold   x . .        (no shield)
rNeg    . . .        b - +0 robe
rPois   ∞            (no helmet)
rElec   .            (no cloak)
rCorr   .            (no gloves)
SInv    +            (boots unavailable)
Will    .....        (no amulet)
Stlth   +            e - ring of wizardry
HPRegen 0.26/turn    l - ring of see invisible
MPRegen 0.00/turn

%: wizardry (x1), infuse magic (-1 HP)
@: flying
A: sickness immunity, fire resistance 2, cold vulnerability 1, float, innate
caster, HP casting, extra vitality 1
a: Renounce Religion, Fiery Armour, Foxfire Swarm, Rising Flame


You were on level 4 of the Dungeon.
You worshipped Ignis.
Ignis was extremely pleased with you.
You visited 1 branch of the dungeon, and saw 4 of its levels.

You collected 222 gold pieces.

Inventory:

Hand Weapons
 a - a -1 falchion of flaming
 i - a +1 dagger of venom (weapon)
 n - a +0 long sword
Missiles
 j - 8 poisoned darts
Armour
 b - a +0 robe (worn)
Jewellery
 e - a ring of wizardry (left hand)
 h - a ring of resist corrosion
 l - a ring of see invisible (right hand)
Scrolls
 d - a scroll of identify
 k - a scroll of magic mapping
 m - 2 scrolls of vulnerability {unknown}
 o - a scroll of enchant weapon {unknown}
Potions
 c - 3 potions of curing
 f - 3 potions of resistance
 g - a potion of lignification


   Skills:
 - Level 3.0 Fighting
 - Level 2.6 Long Blades
 * Level 4.5 Spellcasting


You knew the following spells:

 Your Spells              Type           Power      Damage    Failure   Level
a - Scorch                Fire           40%        2d7       1%          2
b - Necrotise             Necr           80%        1d8       1%          1
c - Ensorcelled Hibernat  Hex/Ice        40%        N/A       1%          2
Your spell library was empty.

Dungeon Overview and Level Annotations

Branches:
Dungeon (4/15)             Temple (0/1) D:4

Altars:

Shops:
D:1 =

Annotations:
D:4 Ijyb


Innate Abilities, Weirdness & Mutations

You are immune to sickness and miasma.
You are immune to poison.
Your flesh is very heat resistant. (rF++)
You are vulnerable to cold. (rC-)
You float through the air rather than walking.
You learn spells naturally, not from books.
Your magical power is your life essence.
You have superior vitality. (+4 MHP)


Message History

Press: ? - help, Q - select action, (/) - cycle Dir - look around, f - activate Flames lash the kobold but do no damage.
Ijyb zaps a wand.
The puff of flame hits you. You resist.
Casting: Scorch (safe; 1% risk of failure)
Press: ? - help, Q - select action, (/) - cycle Dir - look around, f - activate Flames lash the kobold.
The kobold is burned terribly!
You kill the kobold!
Ijyb hits you with a +0 dagger.
Casting: Scorch (safe; 1% risk of failure)
Press: ? - help, Q - select action, (/) - cycle Dir - look around, f - activate Flames lash Ijyb.
Ijyb is heavily wounded.
Ijyb's fire resistance burns away.
Ijyb hits you with a +0 dagger.
* * * LOW HITPOINT WARNING * * *
Casting: Scorch (safe; 1% risk of failure)
Confirm with . or Enter, or press ? or * to list all spells.
Aiming: Ensorcelled Hibernation (safe; 1% risk of failure)
Press: ? - help, Shift-Dir - straight line, f - Ijyb
Aim: Ijyb, wielding a +0 dagger, wearing a +0 leather armour and carrying a wand of flame (19) (heavily wounded, more vulnerable to fire, chance to affect: 62%) Ijyb resists with significant effort.
* * * LOW HITPOINT WARNING * * *
Ijyb hits you with a +0 dagger.
* * * LOW HITPOINT WARNING * * *
Casting: Ensorcelled Hibernation (safe; 1% risk of failure)
Confirm with . or Enter, or press ? or * to list all spells.
Aiming: Ensorcelled Hibernation (safe; 1% risk of failure)
Press: ? - help, Shift-Dir - straight line, f/p - Ijyb
Aim: Ijyb, wielding a +0 dagger, wearing a +0 leather armour and carrying a wand of flame (19) (heavily wounded, more vulnerable to fire, chance to affect: 62%) Ijyb looks drowsy...
* * * LOW HITPOINT WARNING * * *
The helpless Ijyb fails to defend herself.
You hit Ijyb but do no damage.
Ijyb is heavily wounded.
Ijyb hits you with a +0 dagger.
* * * LOW HITPOINT WARNING * * *
You hit Ijyb but do no damage.
Ijyb is poisoned.
Ijyb is heavily wounded.
Ijyb hits you with a +0 dagger.
You die...

##########
.........#
########.# .....
#.#### ####.
#....############
#.##.....@......#
#.####.##g##.##.#
..# #....)....#
####.............#
..#..⌠...⌠..#.#
##.#.........#
#......>......
#.#.........#.#
#.#..⌠...⌠..#.#


You could see Ijyb (very poisoned, combustible).

Vanquished Creatures
  An orc priest (D:3)
  5 adders
  A worm (D:2)
  9 orcs (D:3)
  8 ball pythons
  3 endoplasms (D:1)
  2 giant cockroaches (D:1)
  10 goblins
  8 hobgoblins
  4 quokkas
  2 bats
  A frilled lizard (D:1)
  8 kobolds
  3 rats
65 creatures vanquished.

Vanquished Creatures (others)
  17 foxfires (D:3)
  9 plants (D:3)
26 creatures vanquished.

Grand Total: 91 creatures vanquished

Notes
Turn   | Place    | Note
-------+----------+-------------------------------------------
     0 | D:1      | elagabalus the Djinni Cinder Acolyte began the quest for
                  | the Orb.
     0 | D:1      | elagabalus set off with the following spells memorised:
                  | Scorch.
     0 | D:1      | Reached XP level 1. HP: 20/20 MP: 0/0
   118 | D:1      | Found a faded altar of an unknown god.
   144 | D:1      | Reached XP level 2. HP: 6/25 MP: 0/0
   228 | D:1      | Reached skill level 3 in Spellcasting
   254 | D:1      | Found Qenics's Jewellery Shop.
   316 | D:1      | Reached XP level 3. HP: 26/30 MP: 0/0
   316 | D:1      | Learned a level 1 spell: Necrotise
  1085 | D:2      | Reached XP level 4. HP: 7/35 MP: 0/0
  1378 | D:3      | Reached skill level 4 in Spellcasting
  1495 | D:3      | Reached XP level 5. HP: 33/40 MP: 0/0
  1495 | D:3      | Learned a level 2 spell: Ensorcelled Hibernation
  1940 | D:4      | Found a staircase to the Ecumenical Temple.
  1947 | D:4      | Noticed Ijyb
  1961 | D:4      | Slain by Ijyb

Illustrated notes

Levels and vault maps discovered:
D:1:      roderic_octagonal_star, layout_rooms,
          dreamdust_ecumenical_altar_grove, serial_shops, shop, minivault_4
D:2:      layout_basic, minmay_pentomino_w2
D:3:      layout_rooms, serial_bayou, serial_bayou_pond_c, serial_bayou_lake_a,
          serial_bayou_shore_a, serial_bayou_pond_d
D:4:      layout_loops_ring, mainiacjoe_overflow_concentric_impassable,
          kennysheep_mini, minmay_temple_entry_large_hall, serial_undead,
          serial_undead_e, serial_undead_c, serial_undead_c, serial_undead_f,
          serial_undead_f, serial_undead_c, serial_shops,
          nicolae_shop_tiny_real_fake_doors, uniq_eustachio, uniq_ijyb

Skill      XL: |  1  2  3  4 |
---------------+-------------+-----
Spellcasting   | 3 4 |  4.5
Fighting       | |  3.0
Long Blades    | |  2.6

Action                     |  1- 3 |  4- 6 || total
---------------------------+-------+-------++-------
  Melee: Falchion          |    39 |       ||    39
         Punch             |     1 |       ||     1
         Long sword        |     7 |    19 ||    26
         Dagger            |       |     7 ||     7
   Cast: Scorch            |    33 |    30 ||    63
         Ensorcelled Hiber |       |     2 ||     2
 Invoke: Fiery Armour      |     1 |       ||     1
         Foxfire Swarm     |       |     1 ||     1
    Use: Scroll            |       |     8 ||     8
   Stab: Sleeping          |       |     1 ||     1
 Armour: Robe              |     7 |     4 ||    11
  Dodge: Dodged            |    38 |    16 ||    54

Table legend: (Time is in decaauts)
 A = Elapsed time spent in this place.
 B = Non-inter-level travel time spent in this place.
 C = Inter-level travel time spent in this place.
 D = Time resting spent in this place.
 E = Time spent auto-exploring this place.
 F = Levels seen in this place.
 G = Mean time per level.
                   A        B        C        D        E       F      G
               +--------+--------+--------+--------+--------+-----+--------+
         Total |   1970 |    458 |   1512 |      0 |      0 |   4 |  492.5 |
       Dungeon |   1970 |    458 |   1512 |      0 |      0 |   4 |  492.5 |
               +--------+--------+--------+--------+--------+-----+--------+

Top non-repeatable levels by time:
     D:2: 727 daAuts
     D:1: 595 daAuts
     D:3: 574 daAuts
     D:4: 72 daAuts
